 Seeded DCSS version 0.30.0-29-ga12c61a403 (webtiles) character file.

Game seed: 18007716519941398942 (custom seed)

49 Dadbod the Digger (level 4, 30/30 HPs)
             Began as a Formicid Earth Elementalist on June 5, 2023.
             Quit the game on level 2 of the Dungeon.
             The game lasted 00:08:59 (1338 turns).

Dadbod the Digger (Formicid Earth Elementalist)     Turns: 1338, Time: 00:09:00

Health: 30/30      AC:  2    Str: 13    XL:     4   Next: 2%
Magic:  2/8        EV: 25    Int: 16    God:
Gold:   1053       SH: 11    Dex: 14    Spells: 7/8 levels left

rFire   . . .        q - staff of earth
rCold   . . .        r - +4 kite shield "Witeni" {Fly rCorr Stlth+}
rNeg    . . .        a - +0 robe
rPois   .            (helmet unavailable)
rElec   .            (no cloak)
rCorr   +            (no gloves)
SInv    +            (no boots)
Will    .....        m - amulet of the acrobat
Stlth   +++          (no ring)
HPRegen 0.25/turn    (no ring)
MPRegen 0.11/turn

%: acrobat
@: acrobatic, flying
A: permanent stasis, dig shafts and tunnels, antennae 3, four strong arms
a: Dig, Shaft Self


You were on level 2 of the Dungeon.
You visited 1 branch of the dungeon, and saw 2 of its levels.

You collected 1053 gold pieces.

Inventory:

Armour
 a - a +0 robe (worn)
 r - the +4 kite shield "Witeni" (worn) {Fly rCorr Stlth+}
   (You acquired it on level 1 of the Dungeon)

   Fly:       It grants you flight.
   rCorr:     It protects you from acid and corrosion.
   Stlth:     It makes you more stealthy.
Magical Staves
 q - a staff of earth (weapon)
Jewellery
 e - an amulet of faith
 m - an amulet of the acrobat (around neck)
Scrolls
 c - 2 scrolls of magic mapping {unknown}
 f - a scroll of enchant armour {unknown}
 g - a scroll of butterflies {unknown}
 i - a scroll of immolation {unknown}
 k - a scroll of silence {unknown}
 l - a scroll of brand weapon {unknown}
 o - a scroll of fog {unknown}
Potions
 b - a potion of magic
 d - a potion of berserk rage {unknown}
 h - 3 potions of might {unknown}
 j - a potion of attraction {unknown}
 n - 2 potions of heal wounds {unknown}
 p - a potion of haste {unknown}


   Skills:
 - Level 1.9 Dodging
 - Level 2.7 Stealth
 * Level 0.4 Shields
 - Level 0.1 Unarmed Combat
 + Level 2.8 Spellcasting
 - Level 1.1 Transmutations
 + Level 4.7 Earth Magic


You had 7 spell levels left.
You knew the following spells:

 Your Spells              Type           Power      Damage    Failure   Level
a - Sandblast             Erth           52%        2d12      11%         1

Your spell library contained the following spells:

 Spells                   Type           Power      Damage    Failure   Level
 Passwall                 Tmut/Erth      14%        N/A       34%         2
 Stone Arrow              Conj/Erth      28%        3d8       65%         3
 Petrify                  Tmut/Erth      17%        N/A       93%         4


Dungeon Overview and Level Annotations

Branches:
Dungeon (2/15)

Altars:


Innate Abilities, Weirdness & Mutations

You cannot be hasted, slowed, berserked, paralysed or teleported.
You can dig through walls and to a lower floor.
You have a pair of large antennae on your head. (SInv)
Your four strong arms can wield two-handed weapons with a shield.


Message History

A worm comes into view.
Found an inky potion.
A ball python comes into view.
You see here a +0 hand axe.
Casting: Sandblast (safe; 13% risk of failure)
Confirm with . or Enter, or press ? or * to list all spells.
Aiming: Sandblast (safe; 13% risk of failure)
Press: ? - help, Shift-Dir - straight line, f - ball python
Aim: a ball python (wandering, hasn't noticed you, 81% to hit)
You feel a surge of power!
The blast of sand hits the ball python!
You kill the ball python!
A ball python comes into view.
Found a leather armour.
Found a stone staircase leading down.
Casting: Sandblast (safe; 13% risk of failure)
Confirm with . or Enter, or press ? or * to list all spells.
Aiming: Sandblast (safe; 13% risk of failure)
Press: ? - help, Shift-Dir - straight line, f - worm
Aim: a worm (94% to hit)
You feel a surge of power!
The blast of sand hits the worm!!
You kill the worm!
The ball python hisses angrily.
You have reached level 4!
You feel stronger.
Casting: Sandblast (safe; 11% risk of failure)
Confirm with . or Enter, or press ? or * to list all spells.
Aiming: Sandblast (safe; 11% risk of failure)
Press: ? - help, Shift-Dir - straight line, f - ball python
Aim: a ball python (81% to hit)
You feel a surge of power!
The blast of sand hits the ball python!!
You kill the ball python!
Your magical contamination has completely faded away.
Things that are here:
a +0 short sword; 4 stones
Found a chain mail.
Found a stone staircase leading down.
p - an inky potion
There is a stone staircase leading down here.
Are you sure you want to abandon this character and quit the game? (Confirm with "yes".)
Okay, then.
Are you sure you want to abandon this character and quit the game? (Confirm with "yes".)

...#[#. .##.......
.....#. .......
.....#. #...# #
.......#####...# .#
............)..###..#
.........).#....†..#
.>.#.....†.####.####
...........# #.#
........@..# #.##
#.#.[......# #..#
#........# ##.#
#........# #.#
#.########## #.# ...
#)......# #.# ###
##.#####.###.#
#####<..#........#
............##.#####


There were no monsters in sight!

Vanquished Creatures
  A worm (D:2)
  A dart slug (D:1)
  2 bats
  5 endoplasms (D:1)
  A giant cockroach (D:1)
  8 goblins
  2 hobgoblins (D:1)
  4 jackals (D:1)
  2 quokkas (D:1)
  3 ball pythons
  3 frilled lizards (D:1)
  4 kobolds
  3 rats (D:1)
39 creatures vanquished.

Notes
Turn   | Place    | Note
-------+----------+-------------------------------------------
     0 | D:1      | Dadbod the Formicid Earth Elementalist began the quest for
                  | the Orb.
     0 | D:1      | Reached XP level 1. HP: 13/13 MP: 3/3
    86 | D:1      | Reached skill level 4 in Earth Magic
    87 | D:1      | Reached XP level 2. HP: 19/19 MP: 1/5
   384 | D:1      | Reached XP level 3. HP: 24/24 MP: 4/6
   928 | D:1      | Found a faded altar of an unknown god.
   928 | D:1      | Noticed a neqoxec
  1203 | D:1      | Identified 3 scrolls of acquirement
  1203 | D:1      | Acquired a staff of earth
  1206 | D:1      | Acquired the +4 kite shield "Witeni" {Fly rCorr Stlth+}
  1208 | D:1      | Acquired 1034 gold pieces
  1329 | D:2      | Reached XP level 4. HP: 30/30 MP: 2/8
  1338 | D:2      | Quit the game

Illustrated notes

Levels and vault maps discovered:
D:1:      psy_arrival_dodecagon, layout_basic,
          dreamdust_ecumenical_altar_sealed_demon
D:2:      layout_loops_cross, serial_shops, shop, minmay_misc_feat_cross,
          glass_columns_c, minmay_ruptured

Skill      XL: |  1 |
---------------+----+-----
Earth Magic    | 4 |  4.7
Dodging        | |  1.9
Stealth        | |  2.7
Shields        | |  0.4
Unarmed Combat | |  0.1
Spellcasting   | |  2.8
Transmutations | |  1.1

Action                     |  1- 3 |  4- 6 || total
---------------------------+-------+-------++-------
  Melee: Unarmed           |     2 |       ||     2
   Cast: Sandblast         |    45 |     1 ||    46
    Use: Scroll            |     3 |       ||     3
  Block: Kite shield       |     1 |       ||     1
